 Dungeon Crawl Stone Soup version 0.22.1-1-ga44c0e5 (webtiles) character file.

110 Fang the Skirmisher (level 4, 0/29 HPs)
             Began as a Gargoyle Berserker on Oct 23, 2018.
             Was a Believer of Trog.
             Slain by a gnoll
             ... wielding a +0 flail
              (5 damage)
             ... on level 3 of the Dungeon.
             The game lasted 00:02:45 (2429 turns).

Fang the Skirmisher (Gargoyle Berserker)            Turns: 2429, Time: 00:02:46

Health: 0/29       AC:  5    Str: 22    XL:     4   Next: 91%
Magic:  4/4        EV: 13    Int:  7    God:    Trog [**....]
Gold:   71         SH:  0    Dex: 14    Spells: 3/3 levels left

rFire    . . .     SeeInvis .   a - +0 hand axe
rCold    . . .     Gourm    .   (no shield)
rNeg     + . .     Faith    .   b - +0 animal skin
rPois    ∞         Spirit   .   (no helmet)
rElec    +         Reflect  .   (no cloak)
rCorr    .         Harm     .   (no gloves)
MR       .....                  (no boots)
Stlth    ++........             e - amulet of inaccuracy (curse)
HPRegen  0.09/turn              p - +5 ring of dexterity
MPRegen  0.09/turn              (no ring)

@: berserk cooldown, slowed, very slow
A: negative energy resistance 1, electricity resistance, unbreathing,
petrification resistance, rot immunity, AC +3
a: Berserk, Trog's Hand, Renounce Religion


You were on level 3 of the Dungeon.
You worshipped Trog.
Trog was pleased with you.
You were near starving.

You visited 1 branch of the dungeon, and saw 3 of its levels.

You collected 71 gold pieces.

Inventory:

Hand Weapons
 a - a +0 hand axe (weapon)
Armour
 b - a +0 animal skin (worn)
Jewellery
 e - a cursed amulet of inaccuracy (around neck)
 n - an uncursed amulet of regeneration {unknown}
 p - a +5 ring of dexterity (left hand)
 s - an uncursed ring of positive energy {unknown}
Scrolls
 d - 2 scrolls of identify {unknown}
 h - a scroll of fear {unknown}
 i - a scroll of enchant weapon {unknown}
 k - a scroll of teleportation {unknown}
 l - a scroll of magic mapping {unknown}
 r - a scroll of fog {unknown}
Potions
 f - a potion of curing {unknown}
 g - 2 potions of heal wounds {unknown}
 j - a potion of lignification {unknown}
 m - a potion of resistance {unknown}
 o - 2 potions of brilliance {unknown}
 q - a potion of mutation {unknown}
Comestibles
 c - 4 rations


   Skills:
 + Level 4.1 Fighting
 + Level 3.7 Axes
 + Level 2.2 Armour
 + Level 2.5 Dodging
 + Level 0.5 Stealth


You had 3 spell levels left.
You didn't know any spells.
Your spell library was empty.

Dungeon Overview and Level Annotations

Branches:
Dungeon (3/15)

Altars:
Cheibriados
Elyvilon
Ru


Innate Abilities, Weirdness & Mutations

You are resistant to torment.
Your stone body is resilient. (AC +3)
You are immune to poison.
You resist negative energy. (rN+)
You are resistant to electric shocks. (rElec)
You can survive without breathing.
You are immune to petrification.
You are immune to rotting.


Message History

You closely miss the gnoll. You slash the gnoll!
The gnoll is almost dead.
The gnoll hits you.
* * * LOW HITPOINT WARNING * * *
You barely miss the gnoll.
The gnoll is almost dead.
The gnoll closely misses you.
You slash the gnoll!
You kill the gnoll!
Trog accepts your kill.
A gnoll comes into view. It is wielding a flail.
Things that are here:
a spear; a gnoll corpse You feel a strong urge to attack something.
You are no longer berserk.
You are exhausted.
You feel yourself slow down. The gnoll closely misses you.
The gnoll hits you with a flail.
You die...

.###########.....#
####. #....
<).........#.#.#.#
#. #....
...............#.#
.. #....
##########.#.###.#
.. #.#.. #.##....#
#.... #.#####)#
#### #.# #)# #.#
#.###.### #.#
#@g...... #.#
#####.### #.#


You could see a gnoll.

Vanquished Creatures
  3 gnolls (D:3)
  2 adders (D:2)
  3 worms
  3 dart slugs
  An orc (D:3)
  2 giant cockroaches
  6 goblins
  2 hobgoblins (D:1)
  6 kobolds
  A quokka (D:2)
  8 bats
  9 frilled lizards
  7 rats
53 creatures vanquished.

Vanquished Creatures (others)
  A bat (D:3)
1 creature vanquished.

Grand Total: 54 creatures vanquished

Notes
Turn   | Place    | Note
-------+----------+-------------------------------------------
     0 | D:1      | Fang the Gargoyle Berserker began the quest for the Orb.
     0 | D:1      | Reached XP level 1. HP: 14/14 MP: 1/1
   211 | D:1      | Reached XP level 2. HP: 19/19 MP: 2/2
   582 | D:1      | Reached XP level 3. HP: 23/24 MP: 3/3
  1287 | D:2      | Found a snail-covered altar of Cheibriados.
  1320 | D:2      | Reached ** piety under Trog
  1383 | D:2      | Found a sacrificial altar of Ru.
  1462 | D:2      | Reached skill level 4 in Fighting
  1462 | D:2      | Reached XP level 4. HP: 20/29 MP: 4/4
  1713 | D:3      | Found a white marble altar of Elyvilon.
  2429 | D:3      | Slain by a gnoll

Skill      XL: |  1  2  3 |
---------------+----------+-----
Axes           | 3 |  3.7
Dodging        | 2 |  2.5
Fighting       | 4 |  4.1
Armour         | |  2.2
Stealth        | |  0.5

Action                   |  1- 3 |  4- 6 || total
-------------------------+-------+-------++-------
Melee: Hand axe          |   192 |    87 ||   279
Invok: Berserk           |       |     2 ||     2
  Eat: Chunk             |     2 |     3 ||     5
Armor: Animal skin       |    98 |    15 ||   113
Dodge: Dodged            |   169 |    49 ||   218
